 Dungeon Crawl Stone Soup version 0.27.0-1-g7a089689b8 (webtiles) character file.

Game seed: 17655546561143859731

3304 trckry the Covert (level 10, -7/52 HPs)
             Began as a Vine Stalker Delver on Aug 8, 2021.
             Was an Initiate of Ru.
             Mangled by a death knight (25 damage)
             ... on level 7 of the Dungeon.
             The game lasted 00:24:32 (7059 turns).

trckry the Covert (Vine Stalker Delver)             Turns: 7059, Time: 00:24:33

Health: -7/52      AC:  9    Str: 17    XL:     10   Next: 1%
Magic:  0/20       EV: 14    Int: 10    God:    Ru [......]
Gold:   287        SH:  5    Dex: 17    Spells: 9/9 levels left

rFire    . . .     SeeInvis +   A - +5 morningstar "Adehehud" {holy, rN+ Will++ MP+9 SInv}
rCold    . . .     Faith    .   (no shield)
rNeg     + . .     Spirit   +   J - +0 steam dragon scales
rPois    .         Reflect  +   (no helmet)
rElec    .         Harm     .   O - +0 cloak
rCorr    .         Rampage  .   z - +0 pair of gloves
Will     +++..                  v - +0 pair of boots
Stlth    ++++......             b - amulet of reflection
HPRegen  1.17/turn              (no ring)
MPRegen  0.17/turn              (no ring)

@: no status effects
A: fangs 3, regeneration 1, magic shield, antimagic bite, no potion heal 2
a: Renounce Religion


You were on level 7 of the Dungeon.
You worshipped Ru.
Ru was noncommittal.
You visited 2 branches of the dungeon, and saw 8 of its levels.

You collected 334 gold pieces.
You spent 47 gold pieces at shops.

Inventory:

Hand Weapons
 a - a +0 spear
 i - a +0 rapier
 p - a +2 whip of venom
 A - the +5 morningstar "Adehehud" (weapon) {holy, rN+ Will++ MP+9 SInv}
   (You found it on level 4 of the Dungeon)

   It has been blessed by the Shining One to cause great damage to the undead
   and demons.
   rN:        It protects you from negative energy.
   MP:        It affects your magic capacity (+9).
   SInv:      It lets you see invisible.
   Will:      It greatly increases your willpower.
 L - a +4 vampiric dagger
Missiles
 q - 6 atropa-tipped darts
 y - 9 poisoned darts (quivered)
Armour
 v - a +0 pair of boots (worn)
 z - a +0 pair of gloves (worn)
 I - a +0 robe of willpower
 J - +0 steam dragon scales (worn)
 M - a +0 kite shield
 O - a +0 cloak (worn)
Jewellery
 b - an amulet of reflection (around neck)
Wands
 g - a wand of digging (3)
 u - a wand of charming (4)
 F - a wand of iceblast (12)
 K - a wand of flame (22)
Scrolls
 c - a scroll of fog
 j - 2 scrolls of brand weapon {unknown}
 k - 3 scrolls of teleportation
 o - a scroll of torment {unknown}
 r - 6 scrolls of identify {unknown}
 s - 3 scrolls of magic mapping
 w - a scroll of immolation {unknown}
 x - a scroll of silence {unknown}
 B - a scroll of holy word {unknown}
 C - a scroll of acquirement {unknown}
 D - 2 scrolls of enchant weapon {unknown}
 E - a scroll of vulnerability {unknown}
 G - a scroll of enchant armour {unknown}
 H - a scroll of noise {unknown}
Potions
 d - a potion of mutation {unknown}
 e - a potion of magic {unknown}
 f - 3 potions of haste
 h - 4 potions of attraction {unknown}
 l - 3 potions of flight {unknown}
 m - a potion of invisibility {unknown}
 n - a potion of lignification {unknown}
 t - a potion of heal wounds {unknown}
 N - a potion of brilliance {unknown}


   Skills:
 + Level 5.6 Fighting
 * Level 6.5 Short Blades
 - Level 1.7 Polearms
 + Level 3.4 Throwing
 + Level 2.9 Armour
 + Level 4.5 Dodging
 + Level 9.2 Stealth
 + Level 3.9 Evocations


You had 9 spell levels left.
You didn't know any spells.
Your spell library was empty.

Dungeon Overview and Level Annotations

Branches:
Dungeon (7/15)             Temple (1/1) D:4

Altars:
Ashenzari
Dithmenos
Elyvilon
Fedhas
Hepliaklqana
Kikubaaqudgha
Makhleb
Nemelex Xobeh
Okawaru
Qazlal
Ru
Sif Muna
Trog
Uskayaw
Vehumet
Wu Jian
Xom
Yredelemnul
The Shining One

Shops:
D:3 [[*(!   D:7 :

Annotations:
D:7 Joseph


Innate Abilities, Weirdness & Mutations

You have razor-sharp teeth.
Your natural rate of healing is unusually fast.
When hurt, damage is shared between your health and your magic reserves.
Your bite disrupts and absorbs the magic of your enemies.
Potions cannot restore your health.


Message History

The bullfrog hits you.
The death knight reflects your damage back at you!
The bullfrog misses you.
You take 5 damage, and have 16/47 hp.
Throw: 13 darts (poison)
Press: ? - help, Q - select action, (/) - cycle Shift-Dir - straight line, f/p - death knight
Aim: a death knight, wielding a +1 great sword and wearing a +0 chain mail (heavily wounded, reflecting injuries, poisoned, 63% to hit)
You throw a poisoned dart. The poisoned dart hits the bullfrog.
The bullfrog looks as sick as possible!
The bullfrog is severely wounded.
The death knight looks more healthy.
You kill the bullfrog!
You have reached level 10!
You regained 3 hp, and now have 21/52 hp.
You regained 2 hp, and now have 23/52 hp.
The death knight's dark mirror aura disappears.
Throw: 12 darts (poison)
Press: ? - help, Q - select action, (/) - cycle Shift-Dir - straight line, f/p - death knight
Aim: a death knight, wielding a +1 great sword and wearing a +0 chain mail (heavily wounded, 63% to hit)
You throw a poisoned dart.
The poisoned dart barely misses the death knight.
Throw: 11 darts (poison)
Press: ? - help, Q - select action, (/) - cycle Shift-Dir - straight line, f/p - death knight
Aim: a death knight, wielding a +1 great sword and wearing a +0 chain mail (heavily wounded, 63% to hit)
You throw a poisoned dart.
The poisoned dart hits the death knight.
The death knight is poisoned.
The death knight is heavily wounded.
The death knight closely misses you.
You regained 2 hp, and now have 31/52 hp.
Throw: 10 darts (poison)
Press: ? - help, Q - select action, (/) - cycle Shift-Dir - straight line, f/p - death knight
Aim: a death knight, wielding a +1 great sword and wearing a +0 chain mail (heavily wounded, poisoned, 63% to hit)
You throw a poisoned dart.
The poisoned dart barely misses the death knight.
The death knight hits you with a +1 great sword!!
You take 19 damage, and have 16/52 hp.
MASSIVE DAMAGE!!
You now have 3/20 mp.
The death knight looks more healthy.
The death knight hits you with a +1 great sword!!
You die...

#####
#####...##
#(..(....##
#.####....#
#.# #(...#
# #.#
♣P.P@♣ #
#(# ♣♣.p.♣
# #†# ♣♣.♣♣
# #.# ♣♣.♣
# ######.#
♣.♣♣ #
#......#
♣♣.♣
###....###
♣.♣♣
##.....#
##[##
#..##.####
#...#


You could see a death knight.

Vanquished Creatures
  Grinder (D:6)
  Sigmund (D:5)
  A steam dragon (D:6)
  Menkaure (D:5)
  Duvessa (D:5)
  A black bear (D:4)
  2 sky beasts
  3 necrophages
  4 ogres
  2 centaurs (D:6)
  2 phantoms
  2 bullfrogs (D:7)
  3 scorpions
  Dowan (D:5)
  A water moccasin skeleton (D:6)
  A howler monkey (D:4)
  A centaur zombie (D:6)
  5 hounds (D:6)
  A bullfrog zombie (D:5)
  Crazy Yiuf (D:7)
  4 jellies
  An orc priest (D:4)
  A centaur skeleton (D:7)
  2 gnoll shamans (D:6)
  5 iguanas
  2 killer bee zombies
  2 hound skeletons
  A howler monkey zombie (D:6)
  2 howler monkey skeletons
  8 gnolls
  6 adders
  A shadow imp (D:7)
  2 ufetubi
  A worm (D:2)
  4 dart slugs
  9 orcs
  8 ball pythons
  5 endoplasms
  4 giant cockroaches
  2 hobgoblins
  4 jackals (D:2)
  2 quokkas (D:2)
  8 bats
  A frilled lizard (D:1)
  5 goblins
  7 kobolds
  4 rats
136 creatures vanquished.

Vanquished Creatures (others)
  A human (D:6)
  A plant (D:4)
2 creatures vanquished.

Grand Total: 138 creatures vanquished

Notes
Turn   | Place    | Note
-------+----------+-------------------------------------------
     0 | D:5      | trckry the Vine Stalker Delver began the quest for the Orb.
     0 | D:5      | Reached XP level 1. HP: 11/11 MP: 2/2
    54 | D:4      | Noticed an ogre
    54 | D:4      | Noticed an iguana
    62 | D:4      | Noticed an ogre
    63 | D:4      | Noticed a necrophage
    97 | D:3      | Found Sev Tearrug's Distillery.
   205 | D:1      | Reached XP level 2. HP: 16/16 MP: 3/3
   788 | D:1      | Reached XP level 3. HP: 19/19 MP: 4/4
  1654 | D:2      | Reached skill level 1 in Short Blades
  1850 | D:2      | HP: 1/20 [gnoll (4)]
  1863 | D:2      | Gained mutation: Your natural rate of healing is unusually
                  | fast. [Vine Stalker growth]
  1863 | D:2      | Reached XP level 4. HP: 2/24 MP: 2/5
  2453 | D:3      | Bought a potion of degeneration for 14 gold pieces
  2485 | D:3      | Found Ciduaps's Weapon Shop.
  2495 | D:3      | Found Ibafyq's Antique Armour Boutique.
  2505 | D:3      | Reached XP level 5. HP: 28/28 MP: 6/6
  2556 | D:3      | Found a sacrificial altar of Ru.
  2564 | D:3      | Became a worshipper of Ru the Awakened
  2659 | D:3      | Found Fusk's General Store.
  2763 | D:3      | Reached skill level 7 in Stealth
  2774 | D:3      | Bought a scroll of teleportation for 33 gold pieces
  2878 | D:3      | Found Befuus's Antique Armour Shop.
  3064 | D:4      | Noticed a black bear
  3082 | D:4      | HP: 4/28 [black bear (5)]
  3084 | D:4      | Killed a black bear
  3085 | D:4      | Reached XP level 6. HP: 7/32 MP: 2/7
  3322 | D:4      | Killed a necrophage
  3323 | D:4      | Reached skill level 1 in Evocations
  3420 | D:4      | Reached XP level 7. HP: 34/37 MP: 5/8
  3818 | D:4      | Reached skill level 1 in Throwing
  3859 | D:4      | Identified the +5 morningstar "Adehehud" {holy, rN+ Will++
                  | MP+9 SInv}
  3960 | D:4      | Found a staircase to the Ecumenical Temple.
  3985 | Temple   | Entered the Ecumenical Temple
  4486 | D:5      | Gained mutation: You have razor-sharp teeth. [Vine Stalker
                  | growth]
  4486 | D:5      | Reached XP level 8. HP: 34/42 MP: 9/9
  4644 | D:5      | Noticed Menkaure
  4648 | D:5      | Killed Menkaure
  4649 | D:5      | Reached skill level 8 in Stealth
  4709 | D:5      | Noticed Sigmund
  4729 | D:5      | Killed Sigmund
  4730 | D:5      | Reached skill level 1 in Armour
  4988 | D:5      | Noticed Duvessa
  4988 | D:5      | Noticed Dowan
  4995 | D:5      | You fall into a shaft and drop 1 floor!
  4995 | D:6      | Found a radiant altar of Vehumet.
  5023 | D:6      | Reached skill level 5 in Short Blades
  5073 | D:6      | Noticed Grinder
  5083 | D:6      | Killed Grinder
  5199 | D:6      | Found an ancient bone altar of Kikubaaqudgha.
  5210 | D:6      | Reached XP level 9. HP: 25/46 MP: 8/10
  5455 | D:5      | Killed Duvessa
  5460 | D:5      | Killed Dowan
  5461 | D:5      | Reached skill level 5 in Fighting
  6354 | D:6      | Reached skill level 9 in Stealth
  6644 | D:7      | Found Wocsat's Book Boutique.
  6681 | D:7      | Found a runed translucent door.
  6682 | D:7      | Noticed Crazy Yiuf
  6756 | D:7      | Killed Crazy Yiuf
  6811 | D:7      | Noticed Joseph
  6817 | D:7      | Noticed a death knight
  7045 | D:7      | Reached XP level 10. HP: 21/52 MP: 4/11
  7059 | D:7      | Mangled by a death knight

Illustrated notes

Levels and vault maps discovered:
D:1:      dpeg_arrival_round_a, layout_loops_ring, serial_co_window_serial,
          co_window_paths_b, co_window_corner_a, co_window_of_opportunity_a,
          co_window_paths_a, co_window_corner_a, co_window_paths_a,
          co_window_2corner, co_window_corner_ca, co_window_corner_ca,
          co_window_broadway_b, co_window_cross_3, co_window_2corner,
          co_window_paths_c, glass_columns_a, glass_columns_a, minivault_24
D:2:      layout_loops_ring
D:3:      layout_rooms, nicolae_ru_path_of_blood, serial_shops, shop, shop,
          nicolae_shop_waterfront, shop, shop, serial_bayou_lake_a
D:4:      layout_loops_ring, lemuel_temple_firewalk_b, nicolae_zen_rock_garden
D:5:      layout_gridville, palyth_stone_intersect, uniq_menkaure, uniq_duvessa,
          uniq_sigmund
D:6:      minmay_octagon_keep, layout_basic, tgw_kikubaaqudgha,
          nicolae_vehumet_radiance, uniq_grinder
D:7:      layout_rooms, cheibrodos_worm_habitat, serial_shops, shop,
          minmay_the_grid_2x2 [minmay_the_grid_holed_spiral,
          minmay_the_grid_eight, minmay_the_grid_empty,
          minmay_the_grid_prize_four_corners_diamond_b], uniq_joseph,
          uniq_crazy_yiuf_cottage
Temple:   eino_temple_rhombus

Skill      XL: |  1  2  3  4  5  6  7  8  9 |
---------------+----------------------------+-----
Fighting       | 3 4 5 |  5.6
Dodging        | 2 3 4 |  4.5
Short Blades   | 1 2 3 4 5 6 |  6.5
Stealth        | 7 8 9 |  9.2
Evocations     | 1 2 3 |  3.9
Throwing       | 1 2 3 |  3.4
Armour         | 1 2 |  2.9
Polearms       | |  1.7

Action                   |  1- 3 |  4- 6 |  7- 9 | 10-12 || total
-------------------------+-------+-------+-------+-------++-------
Melee: Rapier            |    77 |   118 |    78 |       ||   273
       Bite              |    13 |    38 |    99 |       ||   150
       Morningstar       |       |       |   194 |       ||   194
Throw: Dart              |     3 |     9 |    17 |     3 ||    32
Invok: Reject Sacrifices |       |       |     1 |       ||     1
  Use: Scroll            |     2 |       |       |       ||     2
 Stab: Sleeping          |     9 |     7 |    13 |       ||    29
       Distracted        |       |     2 |       |       ||     2
       Invisible         |       |     1 |       |       ||     1
Armor: Leather armour    |    30 |    26 |    45 |       ||   101
       Steam dragon scal |       |       |    12 |       ||    12
Dodge: Dodged            |    59 |   104 |   225 |     1 ||   389
Block: Other             |       |       |     3 |       ||     3
